 Dungeon Crawl Stone Soup version 0.17.2-1-ge4368a0 (webtiles) character file.

243 rlgrobin the Insei (level 5, -1/43 HPs)
             Began as a Mummy Monk on May 1, 2017.
             Slain by a hound (4 damage)
             ... on level 5 of the Dungeon.
             The game lasted 00:04:43 (5214 turns).

rlgrobin the Insei (Mummy Monk)                     Turns: 5214, Time: 00:04:43

Health: -1/43      AC:  2    Str: 14    XL:     5   Next: 82%
Magic:  5/5        EV: 13    Int:  9    God:
Gold:   223        SH:  0    Dex: 16    Spells: 0 memorised, 4 levels left

rFire  . . .     SeeInvis .       - Unarmed
rCold  . . .     Clarity  .     (no armour)
rNeg   + + +     SustAt   .     (no shield)
rPois  ∞         Gourm    .     (no helmet)
rElec  .         Spirit   .     (no cloak)
rCorr  .         Warding  .     d - +0 pair of gloves
rMut   .         Stasis   .     h - +0 pair of boots
MR     .....                    (no amulet)
Stlth  ++........               c - ring of fire
                                (no ring)

@: not resistant to hostile enchantments, unstealthy
A: no food or potions, fire vulnerability, cold resistance 1, negative energy
resistance 3, torment resistance, unbreathing
a: no special abilities


You were on level 5 of the Dungeon.
You were not hungry.

You visited 1 branch of the dungeon, and saw 5 of its levels.

You collected 223 gold pieces.


Innate Abilities, Weirdness & Mutations

You do not eat or drink.
Your flesh is vulnerable to fire.
You are immune to poison.
Your flesh is cold resistant.
You are immune to negative energy.
You are immune to unholy pain and torment.
You can survive without breathing.


   Skills:
 + Level 4.8 Fighting
 - Level 2.4 Dodging
 - Level 1.5 Stealth
 - Level 5.0 Unarmed Combat


You had 4 spell levels left.
You didn't know any spells.

Inventory:

Armour
 d - a +0 pair of gloves (worn)
 h - a +0 pair of boots (worn)
 i - a +0 buckler (quivered)
Jewellery
 c - a ring of fire (right hand)
Scrolls
 a - 3 scrolls of remove curse {unknown}
 b - a scroll of magic mapping {unknown}
 e - 4 scrolls of random uselessness {unknown}
 f - 3 scrolls of enchant armour {unknown}
 g - a scroll of fog {unknown}
 j - a scroll of enchant weapon {unknown}
 k - a scroll of identify {unknown}
 l - 4 scrolls of teleportation {unknown}
 m - a scroll of blinking {unknown}

Dungeon Overview and Level Annotations

Branches:
Dungeon (5/15)
 Temple: D:4-7

Altars:
Ashenzari
Dithmenos
Fedhas
Okawaru
Yredelemnul
The Shining One

Shops:
D:5 (

Annotations:
D:3 exclusion: Natasha, Natasha
D:4 Menkaure

.▒ .▒ .▒
▒▒▒▒▒▒▒▒▒.▒▒.▒
▒....▒.......▒
▒....▒.......▒
▒▒▒....▒.......▒▒▒
......hM..▒.......
.......▒.......▒
.......▒▒.∩.▒..▒
....... ▒....▒
....▒▒▒ ▒.▒..▒
.... ▒.▒..▒ ▒▒▒
▒.<..▒ ▒▒▒▒.▒ .▒


You could see a hound.


Message History

The hound completely misses you!
You take 5 damage, and have 20/43 hp!
You miss the hound!
The hound is heavily wounded!
The hound bites you! * * * don't die
* * * You take 3 damage, and have 17/43 hp!
You pulverise the hound but do no damage!
The hound is heavily wounded!
The hound bites you! * * * don't die
* * * You take 6 damage, and have 11/43 hp!
You pummel the hound but do no damage! You punch the hound!
The hound is severely wounded!
The hound barely misses you! The hound bites you! * * * don't die
* * * You take 4 damage, and have 7/43 hp!
You closely miss the hound!
The hound is severely wounded!
The hound stops to sniff the ground!
The hound barely misses you!
You closely miss the hound! Your punch misses the hound!
The hound is severely wounded!
The hound barely misses you!
You pulverise the hound!
The hound is severely wounded!
The hound bites you! * * * don't die
* * * The hound bites you! rip

Action                   |  1- 3 |  4- 6 || total
-------------------------+-------+-------++-------
Melee: Unarmed           |   154 |   210 ||   364
 Stab: Sleeping          |     4 |     3 ||     7
       Distracted        |     1 |       ||     1

Vault maps used:
D:1:      erik_arrival_gehennom
D:2:      kennysheep_six_static_rooms, grunt_temple_overflow_open
D:3:      first_bread, st_stairs_14, uniq_natasha
D:4:      uniq_crazy_yiuf_cottage, uniq_menkaure
D:5:      minmay_temple_entry_statues_fountains, serial_shops,
          nicolae_shop_crystal, shop, shop, nicolae_shop_stone, uniq_duvessa

Notes
Turn   | Place    | Note
--------------------------------------------------------------
     0 | D:1      | rlgrobin the Mummy Monk began the quest for the Orb.
     0 | D:1      | Reached XP level 1. HP: 18/18 MP: 1/1
   359 | D:1      | Reached XP level 2. HP: 4/24 MP: 2/2
   991 | D:1      | Reached skill level 4 in Unarmed Combat
  1172 | D:1      | Reached XP level 3. HP: 21/29 MP: 3/3
  2463 | D:2      | Reached XP level 4. HP: 19/35 MP: 4/4
  2924 | D:2      | Found a shattered altar of Ashenzari.
  2926 | D:2      | Found a glowing golden altar of the Shining One.
  2949 | D:2      | Found a shadowy altar of Dithmenos.
  2950 | D:2      | Found an iron altar of Okawaru.
  2951 | D:2      | Found a basalt altar of Yredelemnul.
  2951 | D:2      | Found a blossoming altar of Fedhas.
  3408 | D:2      | Reached skill level 5 in Unarmed Combat
  3702 | D:3      | Noticed Natasha
  4066 | D:3      | Reached XP level 5. HP: 29/41 MP: 5/5
  4806 | D:4      | Noticed Menkaure
  4948 | D:4      | Reached skill level 4 in Fighting
  5034 | D:5      | Entered Level 5 of the Dungeon
  5035 | D:5      | Found Uxe Rownit's Weapon Shoppe.
  5214 | D:5      | HP: 3/43 [hound (4)]
  5214 | D:5      | Slain by a hound

Vanquished Creatures
  A jelly (D:5)
  3 worker ants
  4 adders
  2 oozes (D:1)
  An adder skeleton (D:4)
  2 worms
  4 giant geckos
  4 giant cockroaches
  10 hobgoblins
  8 jackals
  A quokka (D:2)
  3 ball pythons
  10 bats
  2 giant gecko skeletons (D:4)
  4 giant newts
  12 goblins
  7 kobolds
  7 rats
85 creatures vanquished.
